Map: Magma Mines

Players

PracticeX - Winner!

  • Race: Terran Terran
  • League: Grandmaster
  • Spawn Location: 3:00

Night - Winner!

  • Race: Zerg Zerg
  • Spawn Location: 1:00

bLaCkMambA

  • Race: Zerg Zerg
  • Spawn Location: 11:00

KingKong

  • Race: Zerg Zerg
  • Spawn Location: 9:00

VOD

Have the link to the VOD?

Description

Time

  • Played on: April 2, 2017, 4:02 a.m.
  • Length: 10:54
Show
View Real Time Build Order
Export as new Build Order

PracticeX Terran - Winner!

Build Orders: Hellion Banshee, Mech 

Get SALT Encoding   

  12  0:01  SCV  
  13  0:13  SCV  
  14  0:18  Supply Depot  
  14  0:25  SCV  
  15  0:33  Refinery  
  15  0:40  SCV  
  16  0:45  Barracks  
  16  0:52  SCV  
  16  0:56  Refinery  
  17  1:04  SCV  
  18  1:16  SCV  
  19  1:38  Factory  
  19  1:39  Barracks Reactor  
  19  1:41  Orbital Command  
  19  2:02  Supply Depot  
  19  2:07  SCV  
  20  2:28  Hellion x2  
  20  2:29  Supply Depot  
  24  2:30  Barracks Tech Lab, SCV  
  25  2:41  Starport  
  25  2:54  Hellion x2  
  25  2:57  SCV  
  30  3:10  SCV  
  31  3:14  Marine  
  32  3:25  Cloaking Field  
  32  3:26  Banshee  
  35  3:37  Hellion x2  
  39  3:43  Supply Depot  
  39  4:02  Command Center  
  39  4:05  SCV  
  40  4:14  Supply Depot  
  40  4:17  SCV  
  40  4:20  Banshee  
  44  4:30  Engineering Bay  
  44  4:39  Widow Mine x2  
  48  5:01  Missile Turret  
  48  5:04  Missile Turret  
  48  5:12  Missile Turret  
  48  5:14  Widow Mine  
  47  5:16  Medivac  
  49  5:27  Orbital Command  
  49  5:29  SCV  
  50  5:41  SCV, Widow Mine  
  50  5:42  Widow Mine  
  55  5:52  SCV  
  55  5:53  SCV  
  57  6:00  Refinery x2  
  54  6:04  SCV  
  54  6:05  SCV  
  54  6:11  Factory  
  56  6:16  SCV  
  57  6:20  SCV  
  57  6:23  Factory  
  57  6:24  Factory  
  58  6:26  Starport Reactor  
  58  6:33  Widow Mine x2  
  58  6:38  SCV  
  58  6:45  Factory x2  
  58  6:49  SCV  
  59  7:01  SCV x2  
  58  7:04  Siege Tank  
  62  7:10  Command Center  
  62  7:21  Supply Depot  
  62  7:23  SCV x2  
  58  7:30  Viking  
  58  7:31  Viking  
  58  7:34  Factory Tech Lab  
  58  7:35  SCV x2  
  62  7:42  Siege Tank  
  65  7:44  Supply Depot  
  65  7:47  SCV x2  
  67  7:52  Factory Tech Lab  
  67  7:55  Armory  
  67  7:59  SCV x2  
  69  8:05  Supply Depot  
  69  8:06  Siege Tank  
  72  8:14  Viking x2  
  72  8:19  Widow Mine  
  78  8:21  Widow Mine  
  78  8:24  Supply Depot  
  80  8:27  Orbital Command  
  80  8:33  Siege Tank  
  83  8:38  Siege Tank  
  86  8:46  Viking  
  86  8:48  Viking  
  90  8:51  Terran Vehicle Weapons Level 1  
  90  8:57  Supply Depot  
  90  9:00  Orbital Command  
  90  9:05  Thor  
  92  9:14  Siege Tank x2  
  91  9:19  Hellion  
  91  9:23  Hellion  
  90  9:26  Viking  
  92  9:41  Widow Mine  
  92  9:44  Widow Mine  
  92  9:45  SCV  
  97  9:46  Siege Tank x2  
  97  9:51  Supply Depot  
  97  9:52  SCV  
  104  9:53  SCV, Refinery  
  104  9:55  Refinery  
  104  9:58  Hellion  
  99  10:11  Widow Mine  
  100  10:22  Missile Turret  
  100  10:25  Missile Turret  
  104  10:40  SCV x2  
  104  10:42  SCV  
Show
View Real Time Build Order
Export as new Build Order

Night Zerg - Winner!

Build Orders: Hatch First 

Get SALT Encoding   

  12  0:01  Drone  
  13  0:12  Overlord  
  13  0:18  Drone  
  14  0:33  Drone x2  
  16  0:37  Drone  
  17  0:53  Hatchery  
  16  0:57  Drone  
  16  1:00  Drone  
  18  1:05  Extractor  
  17  1:15  Spawning Pool  
  16  1:19  Drone  
  16  1:22  Drone  
  18  1:29  Drone  
  19  1:38  Overlord  
  19  1:53  Drone  
  20  2:04  Queen  
  20  2:05  Queen  
  20  2:07  Drone  
  25  2:11  Metabolic Boost  
  25  2:13  Zergling x2  
  26  2:15  Drone  
  26  2:18  Drone  
  28  2:23  Drone  
  28  2:29  Drone  
  30  2:33  Drone  
  31  2:41  Overlord  
  31  2:44  Drone  
  31  2:50  Hatchery  
  31  2:51  Drone  
  31  2:54  Drone  
  33  2:59  Drone, Extractor  
  33  3:01  Roach Warren  
  32  3:05  Drone  
  32  3:10  Drone  
  34  3:15  Zergling x2  
  34  3:16  Zergling x6  
  34  3:17  Drone x2  
  40  3:23  Overlord  
  40  3:28  Drone  
  41  3:34  Evolution Chamber  
  41  3:38  Overlord  
  41  3:39  Drone  
  41  3:42  Lair  
  41  3:43  Drone  
  41  3:46  Extractor  
  41  3:47  Drone x3  
  41  3:48  Drone x3  
  47  3:53  Drone  
  48  4:01  Overlord  
  48  4:02  Queen  
  48  4:03  Extractor  
  49  4:11  Overlord  
  49  4:13  Drone x3  
  51  4:20  Drone x2  
  53  4:25  Zerg Missile Weapons Level 1  
  53  4:26  Spore Crawler  
  53  4:29  Spore Crawler  
  51  4:32  Queen  
  51  4:34  Spore Crawler x2  
  51  4:39  Drone  
  51  4:40  Spore Crawler  
  51  4:44  Infestation Pit  
  50  4:48  Drone x3, Spore Crawler  
  50  4:49  Drone x2  
  50  4:51  Drone  
  55  4:56  Glial Reconstitution  
  55  4:59  Drone x2  
  57  5:05  Spore Crawler  
  56  5:07  Overlord  
  56  5:17  Drone x3  
  56  5:18  Drone x3  
  62  5:26  Pathogen Glands  
  62  5:27  Burrow  
  62  5:34  Spore Crawler  
  58  5:41  Drone x4  
  58  5:42  Drone  
  62  5:45  Overlord x2  
  62  5:48  Drone  
  62  5:49  Drone  
  64  5:50  Drone x2  
  64  5:51  Extractor  
  64  5:53  Roach x2  
  69  6:00  Infestor x4  
  77  6:05  Drone x2  
  77  6:06  Extractor  
  77  6:08  Infestor  
  80  6:12  Overlord  
  80  6:14  Overlord  
  80  6:15  Roach x2  
  80  6:16  Roach  
  86  6:26  Infestor  
  86  6:29  Roach  
  86  6:30  Roach  
  92  6:34  Overlord x2  
  92  6:43  Infestor  
  92  6:47  Roach x5  
  100  7:03  Roach x9  
  100  7:07  Drone x3  
  121  7:12  Roach  
  123  7:15  Overseer  
  123  7:22  Roach x5  
  133  7:23  Hatchery  
  130  7:34  Roach  
  130  7:36  Roach x3  
  138  7:39  Overlord x4  
  138  7:40  Zerg Missile Weapons Level 2  
  138  7:43  Overlord  
  138  7:53  Unknown  
  138  7:54  Unknown  
  138  7:57  Overlord x2  
  138  7:58  Ravager x3  
  141  7:59  Roach x5  
  141  8:05  Roach x4  
  159  8:10  Roach x4  
  159  8:11  Roach  
  169  8:16  Roach x2  
  169  8:17  Roach  
  175  8:25  Roach x2  
  175  8:26  Roach x2  
  180  8:39  Roach x4  
  180  8:40  Roach x4  
  196  8:49  Roach x2  
  196  8:52  Overseer  
  129  9:25  Roach  
  129  9:26  Roach x14  
  129  9:27  Roach x3  
  129  9:30  Unknown  
  165  9:35  Ravager, Extractor x2  
  164  9:42  Roach x3  
  164  9:43  Roach x6  
  182  9:51  Ravager x4  
  182  9:52  Ravager  
  187  9:54  Roach x2  
  187  9:56  Overlord x2, Unknown x2  
  171  10:17  Roach  
  171  10:18  Roach x10  
  179  10:26  Roach x3  
  179  10:27  Roach x2  
  185  10:34  Drone x2  
Show
View Real Time Build Order
Export as new Build Order

bLaCkMambA Zerg 

Build Orders: Hatch First 

Get SALT Encoding   

  12  0:00  Drone  
  13  0:12  Overlord  
  13  0:17  Drone  
  14  0:24  Extractor  
  14  0:25  Drone  
  15  0:32  Drone  
  16  0:36  Drone  
  17  0:54  Hatchery  
  17  0:56  Drone  
  17  0:58  Drone  
  17  1:01  Extractor  
  17  1:14  Spawning Pool  
  17  1:18  Drone  
  17  1:20  Drone  
  18  1:28  Drone  
  19  1:45  Overlord  
  19  1:50  Drone  
  19  1:53  Extractor  
  19  2:00  Drone  
  19  2:01  Queen  
  20  2:07  Lair  
  22  2:09  Drone  
  22  2:12  Drone  
  24  2:21  Drone  
  25  2:24  Drone  
  25  2:25  Spine Crawler  
  25  2:28  Drone  
  26  2:32  Drone  
  27  2:37  Extractor  
  27  2:40  Drone  
  27  2:42  Queen  
  29  2:46  Drone  
  29  2:49  Drone  
  31  2:55  Drone  
  32  3:06  Spire  
  32  3:08  Drone x2  
  32  3:12  Drone x2  
  35  3:17  Overlord  
  35  3:28  Overlord  
  35  3:30  Drone  
  36  3:37  Extractor  
  36  3:39  Drone x4  
  39  3:46  Overlord  
  39  4:01  Overlord  
  39  4:08  Drone x5  
  39  4:09  Drone  
  45  4:12  Overlord  
  45  4:19  Mutalisk  
  45  4:20  Mutalisk  
  49  4:24  Mutalisk x3  
  49  4:27  Mutalisk, Zerg Flyer Weapons Level 1  
  49  4:29  Mutalisk  
  59  4:33  Mutalisk  
  59  4:35  Mutalisk  
  63  4:39  Overseer  
  63  4:40  Mutalisk  
  65  4:48  Mutalisk  
  67  4:53  Drone x2  
  67  5:06  Pneumatized Carapace  
  66  5:09  Mutalisk  
  66  5:12  Drone x5  
  66  5:13  Drone, Overlord  
  73  5:25  Mutalisk  
  73  5:27  Overlord x2  
  75  5:39  Overseer, Hatchery  
  68  5:47  Spore Crawler  
  68  5:48  Spore Crawler  
  63  5:54  Drone x4  
  63  5:55  Drone x5  
  70  6:07  Evolution Chamber  
  70  6:08  Drone x2  
  70  6:09  Evolution Chamber  
  70  6:16  Queen  
  72  6:24  Mutalisk  
  72  6:25  Mutalisk x2  
  78  6:36  Overlord x2  
  76  7:06  Zerg Ground Armor Level 1, Zerg Melee Weapons Level 1, Metabolic Boost  
  76  7:08  Drone x12  
  74  7:20  Overseer x2  
  74  7:25  Hatchery  
  74  7:28  Mutalisk  
  74  7:29  Mutalisk x3  
  69  7:37  Infestation Pit  
  69  7:40  Extractor x2  
  66  7:47  Drone  
  66  7:48  Drone x6  
  66  7:49  Drone x2  
  75  8:15  Hive  
  75  8:48  Zergling x44  
  86  8:49  Zergling x6  
  86  8:51  Overlord  
  68  9:26  Mutalisk x5  
  68  9:27  Mutalisk x7  
  88  9:32  Mutalisk  
  88  9:34  Overlord x2  
  88  9:35  Overlord  
  90  9:45  Overlord x3  
  90  9:55  Overlord  
  82  10:15  Corruptor x7  
  94  10:25  Mutalisk  
  80  10:31  Zergling x2  
  80  10:32  Zergling x14  
Show
View Real Time Build Order
Export as new Build Order

KingKong Zerg 

Build Orders: Hatch First 

Get SALT Encoding   

  12  0:01  Drone  
  13  0:08  Drone  
  14  0:14  Extractor  
  14  0:16  Drone  
  15  0:23  Overlord  
  15  0:41  Drone x2  
  17  0:53  Hatchery  
  16  0:57  Drone  
  16  1:02  Drone  
  18  1:10  Extractor  
  17  1:16  Spawning Pool  
  16  1:19  Drone  
  16  1:23  Drone  
  18  1:27  Drone  
  19  1:38  Drone  
  20  1:48  Drone  
  21  2:03  Roach Warren  
  21  2:04  Queen  
  21  2:05  Queen  
  24  2:13  Drone x3  
  27  2:19  Overlord  
  27  2:23  Drone  
  28  2:30  Overlord  
  28  2:37  Spine Crawler  
  28  2:43  Roach  
  28  2:44  Roach  
  31  2:49  Drone x2  
  33  2:53  Drone  
  34  3:00  Drone  
  34  3:05  Roach  
  37  3:06  Spine Crawler  
  37  3:10  Drone  
  37  3:15  Roach x2  
  37  3:17  Drone  
  42  3:23  Roach  
  44  3:27  Overlord  
  44  3:40  Hatchery  
  43  3:43  Overlord  
  43  3:46  Drone  
  44  3:49  Drone  
  44  3:50  Drone  
  44  3:54  Roach  
  48  3:58  Roach  
  48  3:59  Drone  
  51  4:03  Roach  
  51  4:05  Drone  
  51  4:07  Drone  
  51  4:09  Drone  
  56  4:10  Drone  
  57  4:17  Drone  
  57  4:19  Drone  
  59  4:27  Drone  
  59  4:29  Overlord  
  59  4:30  Extractor x2  
  58  4:32  Drone  
  58  4:33  Drone  
  60  4:38  Overlord  
  60  4:41  Spore Crawler  
  60  4:42  Spore Crawler  
  60  4:44  Drone x2  
  60  4:48  Overlord  
  60  4:50  Drone x2  
  62  4:53  Drone  
  62  4:56  Drone  
  62  4:57  Drone x2  
  66  5:00  Drone  
  66  5:01  Drone  
  66  5:03  Drone  
  66  5:05  Drone  
  66  5:07  Drone  
  71  5:10  Drone  
  72  5:14  Evolution Chamber  
  72  5:16  Lair  
  72  5:20  Drone x2  
  73  5:30  Drone x7  
  73  5:32  Drone x2  
  82  5:38  Drone x3  
  82  5:41  Drone  
  86  5:45  Extractor, Queen  
  86  5:46  Overlord, Extractor  
  86  5:48  Zerg Missile Weapons Level 1  
  86  5:55  Extractor  
  86  5:56  Drone x3  
  86  5:57  Overlord  
  88  5:59  Spore Crawler  
  88  6:02  Roach  
  89  6:08  Drone x2  
  91  6:12  Overlord  
  91  6:13  Glial Reconstitution  
  91  6:15  Drone  
  91  6:16  Drone x2, Hydralisk Den  
  95  6:18  Roach  
  95  6:19  Roach  
  95  6:21  Roach  
  95  6:22  Roach  
  101  6:27  Roach  
  101  6:30  Overlord, Roach  
  105  6:39  Roach x4  
  113  6:40  Overlord  
  113  6:44  Overlord  
  113  6:46  Overlord  
  113  6:49  Roach x2  
  113  6:51  Overlord  
  113  6:53  Roach  
  119  7:02  Roach x3  
  119  7:05  Roach x3  
  119  7:08  Overlord  
  131  7:13  Roach  
  133  7:16  Roach x4  
  133  7:18  Roach x3  
  147  7:23  Hatchery  
  147  7:27  Roach  
  147  7:28  Roach x2  
  148  7:33  Roach  
  134  7:39  Muscular Augments  
  134  7:42  Hydralisk x6  
  146  7:48  Overseer  
  146  7:49  Hydralisk  
  146  7:50  Hydralisk x3  
  154  7:56  Hydralisk  
  154  7:57  Overlord  
  156  8:01  Drone x2, Infestation Pit  
  156  8:02  Hydralisk  
  159  8:08  Hydralisk  
  159  8:11  Overlord  
  161  8:17  Overlord  
  161  8:19  Hydralisk x4  
  163  8:22  Overlord  
  167  8:35  Hydralisk x4  
  167  8:36  Hydralisk  
  167  8:37  Hydralisk  
  167  8:38  Hydralisk  
  181  8:45  Hydralisk x3  
  187  8:53  Hydralisk  
  187  8:54  Overlord  
  189  8:59  Lurker Den  
  189  9:01  Drone, Hive  
  190  9:04  Extractor  
  190  9:05  Extractor  
  190  9:07  Hydralisk  
  190  9:08  Hydralisk  
  192  9:11  Hydralisk  
  192  9:13  Hydralisk  
  170  9:17  Hydralisk  
  170  9:20  Hydralisk  
  152  9:26  Roach x3  
  156  9:35  Roach x5  
  164  9:40  Hydralisk  
  164  9:42  Roach x2  
  170  9:47  Roach x6  
  170  9:51  Roach  
  184  9:57  Overlord  
  184  10:03  Hydralisk  
  184  10:04  Hydralisk x4  
  184  10:05  Hydralisk  
  164  10:07  Hydralisk  
  164  10:11  Hydralisk  
  158  10:14  Hydralisk  
  158  10:15  Hydralisk  
  158  10:17  Hydralisk  
  158  10:19  Hydralisk  
  156  10:25  Hydralisk x2  
Tags
 
Add a new tag
Caveats
  • Supply blocks, unpowered buildings, or Contaminate may cause inaccurate times.
  • Supply counts are checked every 10 seconds.